 Dungeon Crawl Stone Soup version 0.28.0-53-g5a82cb258f (webtiles) character file.

Game seed: 9726219903202991066

37 Tirrikindir the Ducker (level 3, 0/39 HPs)
             Began as an Octopode Fighter on Aug 16, 2022.
             Was a Believer of Lugonu.
             Slain by Crazy Yiuf
             ... wielding a +4 quarterstaff of chaos
              (12 damage)
             ... on level 2 of the Dungeon.
             The game lasted 00:02:41 (1458 turns).

Tirrikindir the Ducker (Octopode Fighter)           Turns: 1458, Time: 00:02:41

Health: 0/39       AC:  1    Str: 15    XL:     3   Next: 41%
Magic:  3/3        EV: 13    Int: 10    God:    Lugonu [**....]
Gold:   23         SH:  4    Dex: 13    Spells: 2/2 levels left

rFire   . . .      SeeInvis .   a - +0 long sword
rCold   . . .      Faith    .   b - +0 buckler
rNeg    . . .      Spirit   .   (helmet restricted)
rPois   .          Reflect  .   (no amulet)
rElec   .          Harm     .   (no ring)
rCorr   .          Rampage  .   (no ring)
Will    .....                   (no ring)
Stlth   ..........              (no ring)
HPRegen 0.13/turn               (no ring)
MPRegen 0.08/turn               (no ring)
                                (no ring)
                                (no ring)

@: berserking, lethally poisoned (0 -> -4), very quick
A: almost no armour, amphibious, 8 rings, camouflage 1, gelatinous body 1,
(nimble swimmer 1), tentacles
a: Renounce Religion, Depart the Abyss, Bend Space


You were on level 2 of the Dungeon.
You worshipped Lugonu.
Lugonu was pleased with you.
You visited 1 branch of the dungeon, and saw 2 of its levels.

You collected 23 gold pieces.

Inventory:

Hand Weapons
 a - a +0 long sword (weapon)
Armour
 b - a +0 buckler (worn)
Scrolls
 f - a scroll of identify {unknown}
Potions
 c - a potion of might
 e - a potion of brilliance {unknown}
 g - a potion of ambrosia {unknown}


   Skills:
 + Level 3.2 Fighting
 * Level 2.7 Long Blades
 + Level 3.2 Dodging
 + Level 1.3 Stealth
 + Level 3.2 Shields
 + Level 0.0 Invocations


You had 2 spell levels left.
You didn't know any spells.
Your spell library contained the following spells:

 Spells                   Type           Power      Damage    Failure   Level
 Excruciating Wounds      Necr           0%         N/A       100%        5
 Haunt                    Necr/Summ      0%         N/A       100%        7


Dungeon Overview and Level Annotations

Branches:
Dungeon (2/15)

Altars:
Lugonu

Annotations:
D:2 Crazy Yiuf


Innate Abilities, Weirdness & Mutations

You cannot wear most types of armour.
You are amphibious.
You can wear up to eight rings at the same time.
Your skin changes colour to match your surroundings (Stealth+).
Your rubbery body absorbs attacks. (AC +1, EV +1)
((You are camouflaged when in or above water. (Stealth+)))
You have tentacles for arms and can constrict up to eight enemies at once.


Message History

You cannot tell which god this altar belongs to.
Convert to them anyway?
Lugonu accepts your prayer! Lugonu welcomes you!
You can now depart the Abyss.
You can now bend space around yourself.
Okay, then.
A bat comes into view.
The helpless bat fails to defend itself.
You hit the bat. You grab the bat.
The bat is moderately wounded.
You constrict the bat.
You kill the bat!
Lugonu accepts your kill.
Found two maces.
You see here a +0 mace.
Found four maces.
Found a runed translucent door.
You see here a +0 mace.
You see here a +0 mace.
Found a mace.
You open the door.
There is an open translucent door here.
You see here a +0 mace.
Crazy Yiuf shouts!
Crazy Yiuf hits you with a +4 quarterstaff of chaos!
You are poisoned.
You hit Crazy Yiuf. You grab Crazy Yiuf.
Crazy Yiuf is lightly wounded.
You constrict Crazy Yiuf.
You feel very sick. Crazy Yiuf closely misses you.
You hit Crazy Yiuf.
Crazy Yiuf is heavily wounded.
You constrict Crazy Yiuf.
You feel very sick. Crazy Yiuf barely misses you.
Crazy Yiuf closely misses you.
It was a potion of berserk rage.
A red film seems to cover your vision as you go berserk!
You feel yourself moving faster!
You feel mighty!
You constrict Crazy Yiuf.
You feel sick.
Crazy Yiuf hits you with a +4 quarterstaff of chaos!
You die...

##### #)g)#
#.@.# ###
#)).# #..
##'## #.#
♣.♣♣ #.#
♣♣)♣ #.#
♣.♣♣
###.#####
♣♣)♣
........###
♣♣)♣♣
###.#.....#
♣♣...♣


You could see Crazy Yiuf.

Vanquished Creatures
  2 dart slugs (D:1)
  3 endoplasms
  2 giant cockroaches (D:1)
  6 goblins
  3 hobgoblins (D:1)
  A quokka (D:1)
  A ball python (D:1)
  4 bats
  4 frilled lizards (D:1)
  2 kobolds
  4 rats (D:1)
32 creatures vanquished.

Notes
Turn   | Place    | Note
-------+----------+-------------------------------------------
     0 | D:1      | Tirrikindir the Octopode Fighter began the quest for the
                  | Orb.
     0 | D:1      | Reached XP level 1. HP: 16/16 MP: 1/1
    40 | D:1      | Got the Almanac of Evil Rites
   304 | D:1      | Reached XP level 2. HP: 18/21 MP: 2/2
   528 | D:1      | Reached skill level 1 in Stealth
   967 | D:1      | Reached XP level 3. HP: 26/26 MP: 3/3
  1386 | D:2      | Found a faded altar of an unknown god.
  1401 | D:2      | Prayed at the altar of an unknown god.
  1401 | D:2      | Became a worshipper of Lugonu the Unformed
  1401 | D:2      | Reached * piety under Lugonu
  1401 | D:2      | Reached ** piety under Lugonu
  1448 | D:2      | Found a runed translucent door.
  1449 | D:2      | Noticed Crazy Yiuf
  1458 | D:2      | Slain by Crazy Yiuf

Illustrated notes

Levels and vault maps discovered:
D:1:      dpeg_arrival_rhombi, layout_basic
D:2:      cheibrodos_greedy_goblins, layout_loops_ring,
          dreamdust_ecumenical_altar_statues, ebering_dispersal_statue_hall,
          uniq_crazy_yiuf_cottage

Skill      XL: |  1  2 |
---------------+-------+-----
Stealth        | 1 |  1.3
Fighting       | |  3.2
Long Blades    | |  2.7
Dodging        | |  3.2
Shields        | |  3.2

Action                   || total
-------------------------++-------
Melee: Long sword        ||    57
       Constrict         ||    19
       Tentacles         ||    17
  Use: Potion            ||     1
 Stab: Sleeping          ||    10
Dodge: Dodged            ||    34
Block: Buckler           ||    10
